 Dungeon Crawl Stone Soup version 0.20-a0-2-g2b0e13a (webtiles) character file.

36 Kaname the Stinger (level 3, 24/24 HPs)
             Began as a Demonspawn Venom Mage on Oct 29, 2016.
             Got out of the dungeon alive.
             The game lasted 00:01:50 (1012 turns).

Kaname the Stinger (Demonspawn Venom Mage)          Turns: 1012, Time: 00:01:51

Health: 24/24      AC:  4    Str:  8    XL:     3   Next: 19%
Magic:  6/6        EV: 12    Int: 17    God:
Gold:   49         SH:  0    Dex: 13    Spells: 1 memorised, 5 levels left

rFire  . . .     SeeInvis .     f - +2 dagger (drain)
rCold  . . .     Gourm    .     a - +0 robe
rNeg   . . .     Faith    .     (no shield)
rPois  .         Spirit   .     (helmet restricted)
rElec  .         Reflect  .     (no cloak)
rCorr  .         Harm     .     (no gloves)
MR     +....                    (no boots)
Stlth  ++........               (no amulet)
                                d - ring of protection from magic
                                e - +5 ring of slaying

@: drained
A: antennae 1, yellow scales 1
a: no special abilities


You escaped.
You were not hungry.

You visited 1 branch of the dungeon, and saw 2 of its levels.

You collected 49 gold pieces.

Inventory:

Hand Weapons
 f - a +2 dagger of draining (weapon)
Armour
 a - a +0 robe (worn)
Jewellery
 d - a ring of protection from magic (right hand)
 e - a +5 ring of slaying (left hand)
 h - an uncursed ring of fire
Scrolls
 g - 2 scrolls of identify {unknown}
 j - a scroll of enchant armour {unknown}
Potions
 i - a potion of ambrosia {unknown}
 l - a potion of brilliance {unknown}
Books
 b - a Young Poisoner's Handbook

   Spells                             Type                      Level
   a - Sting                          Conjuration/Poison           1
   b - Mephitic Cloud                 Conjuration/Poison/Air       3
   c - Olgreb's Toxic Radiance        Poison                       4
   d - Alistair's Intoxication        Transmutation/Poison         5
   e - Venom Bolt                     Conjuration/Poison           5
Comestibles
 c - 2 bread rations
 m - a meat ration


   Skills:
 - Level 1.7(1.6) Dodging
 - Level 1.7(1.6) Stealth
 - Level 2.0(1.9) Spellcasting
 + Level 2.9(2.8) Conjurations
 - Level 4.0(3.9) Poison Magic


You had 5 spell levels left.
You knew the following spells:

 Your Spells              Type           Power        Failure   Level  Hunger
a - Sting                 Conj/Pois      ##..         6%          1    #......


Dungeon Overview and Level Annotations

Branches:
Dungeon (2/15)

Altars:


Innate Abilities, Weirdness & Mutations

You have a pair of small antennae on your head.
You are partially covered in yellow scales. (AC +2)


Message History

m - a meat ration You found a teleport trap!
You see here a robe.
Done exploring.
Done exploring.
Done exploring.
There is a stone staircase leading down here.
You climb downwards.
There is a stone staircase leading up here.
You climb upwards.
There is a stone staircase leading down here.
Things that are here:
a short sword; a kobold skeleton Eating a chunk of flesh.
You start eating the chunk of flesh.
You are feeling hungry.
This raw flesh tastes terrible.
There is an open door here.
There is a staircase leading out of the dungeon here.
Are you sure you want to leave the Dungeon?
This will make you lose the game!
You have escaped!

#####........####.##########
......#..###...............#
.######..# ######.########.#
.# #..# ####.########.#
.######..#####......>...##.#
.............)#########.##.#
.######(......#..### #.##.##
.#### #.......'....#
#.#.#.##### ....#
#########.@#.####.)###.....
....#
###†'..#........#.#####
#..(#
##...####.#####....##...
##.## #...## #)# #.........
.#.# ##..## #.# #....#####
.#.######...## #.# #.####
#^. ........#....# #.# #.#
#.# ......###....#####.#
#.######.# ...##)#
#....##....# #......#.#


There were no monsters in sight!

Vanquished Creatures
  2 dart slugs (D:1)
  A leopard gecko (D:1)
  A giant cockroach (D:1)
  5 goblins (D:1)
  3 hobgoblins (D:1)
  2 ball pythons (D:1)
  6 bats (D:1)
  A frilled lizard (D:1)
  4 kobolds (D:1)
  6 rats (D:1)
31 creatures vanquished.

Notes
Turn   | Place    | Note
-------+----------+-------------------------------------------
     0 | D:1      | Kaname the Demonspawn Venom Mage began the quest for the Orb.
     0 | D:1      | Reached XP level 1. HP: 13/13 MP: 3/3
   232 | D:1      | Reached skill level 1 in Conjurations
   381 | D:1      | Gained mutation: You are partially covered in yellow scales. (AC +2) [demonic ancestry]
   381 | D:1      | Reached XP level 2. HP: 17/19 MP: 3/5
   669 | D:1      | Gained mutation: You have a pair of small antennae on your head. [demonic ancestry]
   669 | D:1      | Reached XP level 3. HP: 24/24 MP: 6/6
  1012 | D:$      | Got out of the dungeon alive.

Vault maps used:
D:1:      dpeg_arrival_ratfight, minivault_19, corner_web_ring
D:2:      okawaru_ov_weapons_minmay, first_bread

Skill      XL: |  1  2 |
---------------+-------+-----
Conjurations   | 1 2 |  2.9
Dodging        | |  1.7
Stealth        | |  1.7
Spellcasting   | |  2.0
Poison Magic   | |  4.0

Action                   || total
-------------------------++-------
Melee: Unarmed           ||    17
       Short sword       ||    32
       Dagger            ||    26
 Cast: Sting             ||     8
 Stab: Sleeping          ||     2
  Eat: Chunk             ||     1
Armor: Robe              ||    22
Dodge: Dodged            ||    74
